Map: Ever Dream LE

Players

ShoWTimE - Winner!

  • Race: Protoss Protoss
  • Spawn Location: 1:00

Neeblet (Neeb)

  • Race: Protoss Protoss
  • Spawn Location: 7:00

Event: StayAtHomestory Cup #2

VOD

Have the link to the VOD?

Description

Time

  • Played on: June 11, 2020, 5:03 p.m.
  • Length: 11:19

All games in this series

Show
View Real Time Build Order
Export as new Build Order

ShoWTimE Protoss - Winner!

Build Orders: Phoenix Opening, Zealot Archon 

Get SALT Encoding   

  12  0:00  Probe  
  13  0:12  Probe  
  14  0:17  Pylon  
  14  0:24  Probe  
  15  0:32  Probe  
  15  0:37  Gateway  
  15  0:40  Probe  
  16  0:47  Assimilator  
  17  0:51  Probe  
  17  0:54  Assimilator  
  18  0:59  Probe  
  19  1:07  Probe  
  19  1:08  Gateway  
  19  1:17  Probe  
  20  1:25  Cybernetics Core  
  21  1:29  Probe  
  22  1:34  Pylon  
  22  1:41  Probe  
  23  1:53  Probe  
  24  2:01  Warp Gate, Stalker x2  
  26  2:06  Probe  
  29  2:12  Pylon  
  28  2:31  Sentry  
  28  2:34  Sentry  
  32  2:44  Probe  
  32  2:45  Nexus  
  33  2:52  Probe  
  34  3:00  Pylon  
  34  3:01  Probe  
  35  3:07  Phoenix  
  35  3:08  Sentry  
  37  3:13  Probe  
  37  3:18  Robotics Facility  
  38  3:21  Probe  
  39  3:29  Probe, Shield Battery  
  40  3:40  Probe  
  41  3:52  Probe  
  41  3:55  Probe  
  42  3:59  Forge  
  43  4:03  Probe  
  43  4:04  Probe, Phoenix  
  43  4:05  Observer  
  46  4:12  Probe  
  46  4:16  Adept x2, Probe  
  52  4:17  Warp Prism  
  52  4:23  Protoss Ground Weapons Level 1  
  52  4:24  Probe  
  52  4:28  Probe  
  56  4:33  Assimilator  
  56  4:36  Assimilator  
  56  4:37  Probe  
  57  4:40  Probe  
  57  4:41  Twilight Council  
  57  4:44  Pylon  
  58  4:49  Probe  
  60  4:52  Probe  
  60  5:01  Probe  
  60  5:02  Immortal  
  60  5:04  Probe  
  66  5:09  Charge  
  66  5:11  Gateway  
  66  5:13  Pylon  
  66  5:16  Adept x2  
  70  5:25  Pylon  
  64  5:48  Immortal x2, Gateway  
  66  6:00  Templar Archives  
  66  6:01  Nexus  
  66  6:05  Pylon  
  66  6:16  Probe x2  
  68  6:19  Gateway x2  
  68  6:26  Stalker  
  68  6:28  Observer, Probe x2  
  68  6:29  Zealot  
  68  6:32  Protoss Ground Weapons Level 2  
  75  6:40  Probe  
  75  6:41  Probe  
  75  6:42  Pylon  
  77  6:48  High Templar x2  
  77  6:50  Pylon  
  77  6:52  Archon, High Templar  
  77  6:53  Probe x2  
  85  6:56  Pylon  
  85  7:04  High Templar  
  85  7:05  Probe x2  
  89  7:11  Archon  
  89  7:15  Probe  
  90  7:17  Probe x2  
  90  7:26  Zealot x5  
  90  7:28  Probe  
  90  7:29  Probe x2  
  103  7:35  Gateway  
  103  7:38  Gateway  
  103  7:40  Probe  
  103  7:41  Probe  
  105  7:44  Zealot  
  105  7:48  Pylon  
  105  7:49  Assimilator, Zealot x2  
  111  7:52  Zealot  
  111  7:53  Assimilator  
  111  7:57  Probe  
  111  7:58  Phoenix  
  116  8:09  Nexus  
  112  8:21  Robotics Bay  
  112  8:26  Robotics Facility  
  106  8:27  Nexus, Probe  
  106  8:28  Probe  
  106  8:29  Pylon  
  108  8:39  Pylon  
  108  8:47  Observer  
  109  8:49  Photon Cannon  
  109  8:50  Photon Cannon  
  109  8:52  Photon Cannon  
  109  8:59  Disruptor  
  109  9:00  Pylon  
  109  9:03  Disruptor  
  112  9:14  Pylon  
  115  9:19  Probe  
  115  9:20  Probe  
  115  9:23  High Templar x3  
  123  9:24  High Templar  
  123  9:28  Archon x2  
  123  9:31  Unknown, Disruptor  
  125  9:32  Probe  
  125  9:35  High Templar x2, Zealot x2  
  137  9:39  Disruptor  
  137  9:40  Shield Battery  
  137  9:41  Archon  
  137  9:44  Phoenix, Pylon  
  140  9:58  Photon Cannon  
  140  10:05  High Templar x2, Zealot x3  
  150  10:07  Disruptor  
  150  10:10  Archon  
  150  10:11  Disruptor  
  153  10:15  Photon Cannon  
  153  10:21  Pylon  
  156  10:23  Zealot x3  
  162  10:30  Zealot  
  162  10:31  Zealot x2  
  167  10:37  High Templar x2  
  171  10:43  Archon  
  171  10:44  Observer  
  171  10:48  Zealot x3  
  178  10:53  Zealot x3  
  164  11:13  Zealot x5  
Show
View Real Time Build Order
Export as new Build Order

Neeblet Protoss 

Build Orders: Blink Stalkers 

Get SALT Encoding   

  12  0:00  Probe  
  13  0:12  Probe  
  14  0:17  Pylon  
  14  0:24  Probe  
  15  0:32  Probe  
  15  0:37  Gateway  
  15  0:40  Probe  
  16  0:47  Assimilator  
  17  0:51  Probe  
  17  0:54  Assimilator  
  18  0:59  Probe  
  19  1:07  Probe  
  19  1:09  Gateway  
  19  1:17  Probe  
  21  1:25  Cybernetics Core  
  21  1:29  Probe  
  22  1:35  Pylon  
  22  1:41  Probe  
  23  1:53  Probe  
  24  2:01  Stalker  
  24  2:02  Sentry, Warp Gate  
  24  2:06  Probe  
  29  2:11  Pylon  
  29  2:18  Probe  
  32  2:30  Sentry  
  32  2:31  Stalker  
  34  2:49  Nexus  
  34  2:55  Shield Battery  
  34  2:58  Probe  
  34  3:06  Sentry  
  34  3:10  Probe  
  37  3:14  Pylon  
  37  3:21  Probe  
  38  3:29  Probe  
  39  3:35  Forge  
  39  3:37  Probe, Twilight Council  
  40  3:49  Probe  
  40  3:53  Stalker x2  
  45  3:57  Blink  
  45  3:58  Probe x2  
  47  4:06  Probe x2  
  47  4:10  Protoss Ground Weapons Level 1  
  49  4:18  Probe  
  49  4:21  Probe  
  51  4:30  Probe  
  52  4:33  Probe, Stalker  
  52  4:36  Stalker  
  57  4:42  Probe, Pylon  
  57  4:45  Probe, Assimilator  
  59  4:51  Robotics Facility  
  59  4:54  Probe  
  59  4:58  Probe  
  61  5:00  Pylon  
  61  5:09  Stalker  
  61  5:10  Stalker  
  65  5:18  Pylon  
  65  5:25  Nexus  
  63  5:43  Stalker x2  
  63  5:45  Probe  
  63  5:46  Probe  
  63  5:49  Observer  
  69  5:57  Probe, Pylon  
  69  5:58  Probe  
  69  5:59  Pylon  
  69  6:03  Protoss Ground Weapons Level 2  
  71  6:08  Charge  
  71  6:09  Probe  
  72  6:13  Gateway  
  72  6:15  Gateway  
  72  6:17  Gateway  
  72  6:19  Observer  
  72  6:21  Probe  
  72  6:24  Gateway  
  74  6:28  Probe  
  74  6:31  Gateway  
  75  6:33  Probe, Gateway  
  75  6:39  Probe  
  77  6:40  Probe  
  77  6:44  Immortal  
  77  6:45  Probe  
  83  6:49  Probe  
  83  6:52  Probe, Templar Archives  
  83  6:53  Probe  
  85  6:57  Probe  
  85  6:58  Pylon  
  87  7:01  Probe  
  87  7:04  Probe  
  87  7:06  Probe  
  89  7:12  Phoenix  
  89  7:14  Zealot x2  
  89  7:15  Zealot x3  
  99  7:27  Probe x3, Assimilator  
  99  7:28  Assimilator  
  99  7:29  Immortal, Assimilator  
  106  7:34  Dark Shrine  
  106  7:35  Photon Cannon  
  106  7:38  Pylon  
  106  7:42  Probe x3  
  109  7:47  Shield Battery  
  109  7:48  Pylon  
  109  7:49  Zealot  
  109  7:50  Zealot x2  
  115  7:54  Pylon  
  113  8:10  Protoss Ground Weapons Level 3  
  113  8:11  High Templar x2  
  113  8:12  Zealot x5  
  121  8:13  Warp Prism  
  121  8:15  Zealot  
  120  8:24  Archon, Photon Cannon  
  119  8:28  Shield Battery  
  119  8:30  Pylon  
  119  8:34  Photon Cannon  
  119  8:38  High Templar  
  119  8:39  High Templar x3, Zealot  
  129  8:41  Zealot  
  129  8:42  Archon  
  129  8:43  Archon  
  131  8:49  Warp Prism  
  133  8:58  Pylon  
  133  8:59  Zealot  
  133  9:00  Zealot x2  
  133  9:02  Photon Cannon  
  139  9:04  Zealot  
  139  9:06  Shadow Stride  
  139  9:11  Zealot x2  
  143  9:17  Pylon  
  143  9:18  Pylon  
  143  9:19  Pylon  
  143  9:31  High Templar x3  
  143  9:35  Pylon  
  143  9:36  Dark Templar  
  143  9:37  Nexus  
  151  9:39  High Templar  
  151  9:40  Archon  
  151  9:42  Zealot x2  
  151  9:44  Archon  
  157  9:49  Pylon  
  157  9:53  Immortal  
  157  9:59  Probe x3  
  162  10:08  Dark Templar  
  162  10:09  Dark Templar x2  
  168  10:16  Dark Templar  
  170  10:22  Probe x2  
  170  10:23  Photon Cannon  
  170  10:26  Photon Cannon  
  172  10:30  Probe  
  172  10:34  Probe  
  164  10:37  Immortal  
  164  10:38  Robotics Bay  
  164  10:40  Robotics Facility  
  164  10:42  Zealot x3  
  174  10:48  Zealot  
  176  10:54  Probe  
  175  11:00  Zealot x4  
  143  11:12  Stalker x3  
  143  11:14  Zealot  
Tags
 
Add a new tag
Caveats
  • Supply blocks, unpowered buildings, or Contaminate may cause inaccurate times.
  • Supply counts are checked every 10 seconds.